 Dungeon Crawl Stone Soup version 0.13.0-25-g43d4df3 (webtiles) character file.

365 Impy the Covered (level 5, -2/38 HPs)
             Began as a Demonspawn Wanderer on Oct 28, 2013.
             Killed by divine providence
             ... invoked by an orc priest
              (12 damage)
             ... on Level 4 of the Dungeon.
             The game lasted 00:08:51 (2671 turns).

Impy the Covered (Demonspawn Wanderer)              Turns: 2671, Time: 00:08:51

HP  -2/38        AC 10     Str 13      XL: 5   Next: 82%
MP   7/7         EV  6     Int 14      God:
Gold 122         SH 16     Dex 12      Spells:  0 memorised,  6 levels left

Res.Fire  : + . .   See Invis. : .   a - +1 spear {=f}
Res.Cold  : + . .   Warding    : .   b - +0 ring mail
Life Prot.: . . .   Conserve   : .   i - +0 shield
Res.Poison: +       Res.Corr.  : .   (helmet restricted)
Res.Elec. : +       Clarity    : .   g - +1 cloak
Sust.Abil.: . .     Spirit.Shd : .   (no gloves)
Res.Mut.  : .       Stasis     : .   (no boots)
Res.Rott. : .       Flight     : .   (no amulet)
Saprovore : . . .                    (no ring)
                                     (no ring)

@: slightly resistant to hostile enchantments, extremely unstealthy
A: horns 1, powered by pain 1, AC +3, EV -1
a: no special abilities


You were on level 4 of the Dungeon.
You were not hungry.

You visited 1 branch of the dungeon, and saw 4 of its levels.

You collected 72 gold pieces.

Inventory:

Hand weapons
 a - a +1,+1 spear (weapon) {=f}
Armour
 b - a +0 ring mail (worn)
 g - a +1 cloak (worn)
 i - a +0 shield (worn)
Magical devices
 r - a wand of slowing (11)
Comestibles
 c - 3 bread rations
 u - a chunk of worker ant flesh
 z - a meat ration
 B - a chunk of rat flesh
Scrolls
 d - 7 scrolls of remove curse {unknown}
 e - 2 scrolls of blinking {unknown}
 h - a scroll of curse jewellery {unknown}
 j - a scroll of magic mapping {unknown}
 o - a scroll of enchant armour {unknown}
 t - 2 scrolls of teleportation
 v - a scroll of fog {unknown}
 x - 2 scrolls of identify {unknown}
 y - a scroll of noise {unknown}
Potions
 f - a potion of confusion
 n - a potion of magic {unknown}
 p - a potion of restore abilities {unknown}
 q - a potion of might {unknown}
 w - a potion of beneficial mutation {unknown}
 A - a potion of brilliance {unknown}


   Skills:
 - Level 3.2 Fighting
 + Level 2.7 Polearms
 + Level 3.6 Armour
 + Level 2.4 Shields
 - Level 1.0 Spellcasting
   Level 1.7 Fire Magic
   Level 1.2 Invocations
 - Level 1.0 Evocations


You had 6 spell levels left.
You didn't know any spells.

Dungeon Overview and Level Annotations

Branches:
Dungeon (4/27)
 Temple: D:4-7

Altars:
Cheibriados


Innate Abilities, Weirdness & Mutations

You have a pair of small horns on your head.
You are mostly covered in molten scales (AC +3, EV -1).
You sometimes gain a little power by taking damage.


Message History

The orc priest hits you but does no damage.
The orc hits you but does no damage.
The orc priest hits you but does no damage.
The orc hits you but does no damage.
The orc priest hits you with an orcish club.
* * * LOW HITPOINT WARNING * * *
The orc hits you from afar with an orcish whip of reaching.
* * * LOW HITPOINT WARNING * * *
The orc priest's eyes start to glow.
The orc hits you but does no damage.
The orc priest hits you but does no damage.
The orc barely misses you.
The orc priest becomes somewhat translucent.
You can move again.
Drink which item? (? for menu, Esc to quit)
You feel protected.
It was a potion of resistance.
You block the orc's attack.
The orc priest invokes the aid of Beogh against you.
Something smites you!
You die...

#.......#####
#...%...#
#.......#
#.......#
#.......#
#.......#
#####.###
#.############.#
#......@oo.(.(.[
##############.#


You could see an orc priest and an orc.

Vanquished Creatures
  A big kobold (D:4)
  A black bear skeleton (D:4)
  A worker ant (D:4)
  4 adders
  2 inept feature mimics (D:3)
  A worm (D:3)
  A giant gecko (D:1)
  An ooze (D:4)
  6 orcs
  2 bats
  4 giant cockroaches
  3 hobgoblins
  10 kobolds
  3 quokkas
  A ball python (D:3)
  8 giant newts
  7 goblins
  7 jackals
  11 rats
74 creatures vanquished.

Notes
Turn   | Place    | Note
--------------------------------------------------------------
     0 | D:1      | Impy, the Demonspawn Wanderer, began the quest for the Orb.
     0 | D:1      | Reached XP level 1. HP: 14/14 MP: 2/2
   403 | D:1      | Gained mutation: You sometimes gain a little power by taking damage. [demonic ancestry]
   403 | D:1      | Reached XP level 2. HP: 18/20 MP: 3/3
   875 | D:2      | Reached skill level 1 in Polearms
   891 | D:2      | Gained mutation: You are partially covered in molten scales (AC +1). [demonic ancestry]
   891 | D:2      | Reached XP level 3. HP: 22/26 MP: 4/4
  1109 | D:2      | Found a snail-covered altar of Cheibriados.
  1441 | D:3      | Reached skill level 1 in Shields
  1548 | D:3      | Gained mutation: You are mostly covered in molten scales (AC +3, EV -1). [demonic ancestry]
  1548 | D:3      | Reached XP level 4. HP: 19/32 MP: 6/6
  2387 | D:4      | Noticed a big kobold
  2426 | D:4      | Killed a big kobold
  2426 | D:4      | Gained mutation: You have a pair of small horns on your head. [demonic ancestry]
  2426 | D:4      | Reached XP level 5. HP: 29/38 MP: 7/7
  2665 | D:4      | Paralysed by a potion of paralysis for 6 turns
  2671 | D:4      | Killed from afar by an orc priest

Action                   |  1- 3 |  4- 6 || total
-------------------------+-------+-------++-------
Melee: Spear             |   173 |   184 ||   357
Throw: Javelin           |       |    10 ||    10
Evoke: Wand              |     1 |       ||     1
  Use: Potion            |       |     5 ||     5
